AoeStats
← fmromerocarmona

Oasis

510056705Analyzed
4v4 RM · 4d ago on Sep 29, 2026· 50m 53s· 8 players
Game mode
Random Map
Map size
Large (8 player)
Population
200
Speed
Normal
Resources
Standard
Victory
Conquest
Starting age
Dark Age
Ending age
Imperial Age
RankedLock teamsTeams togetherTeam positionsShared explorationLock speedFull tech treeHidden civsTurbo modeCheats
Victory
Defeat
🇫🇷 Magyars · France
1109
+5
🇫🇷 Vietnamese · France
865
+13
🇫🇷 Cumans · France
824
+14
🇫🇷 Danes · France
743
+17
🇪🇸 Spanish · Spain
879
-15
🇨🇳 Magyars · China
849
-14
🇨🇳 Celts · China
752
-10
🇷🇴 Franks · Romania
743
-10
alexdoctorofsoul
12:15 Feudal Age
14:14 Double-Bit Axe
17:33 Gold Mining
17:34 Stone Mining
20:31 Wheelbarrow
24:20 Castle Age
26:14 Gold Shaft Mining
25:53 Bow Saw
29:52 Hand Cart
37:25 Imperial Age
36:04 Fortified Wall
fmromerocarmona
0:49 Loom
12:35 Feudal Age
16:47 Castle Age
15:49 Double-Bit Axe
15:46 Horse Collar
20:13 Padded Archer Armor
30:42 Imperial Age
29:32 Wheelbarrow
32:43 Conscription
32:55 Gold Mining
33:37 Leather Archer Armor
33:33 Forging
33:24 Scale Mail Armor
33:15 Fletching
34:40 Caravan
35:11 Coinage
37:36 Bodkin Arrow
38:29 Bracer
38:34 Town Watch
39:22 Stone Mining
40:13 Gambesons
40:28 Squires
40:14 Arson
39:49 Pikeman
40:44 Bloodlines
40:35 Husbandry
39:58 Elite Skirmisher
41:30 Ballistics
42:10 Chemistry
41:06 Murder Holes
41:49 Town Patrol
41:55 Town Patrol
42:31 Chain Mail Armor
Nick76Luo
10:05 Feudal Age
15:43 Castle Age
小菜机
10:55 Feudal Age
15:52 Castle Age
20:26 Gold Mining
22:00 Double-Bit Axe
25:55 Horse Collar
35:41 Imperial Age
33:50 Wheelbarrow
34:59 Corvinian Army
36:26 Elite Magyar Huszar
38:48 Scale Barding Armor
42:01 Chain Barding Armor
42:39 Hand Cart
44:31 Conscription
48:38 Husbandry
48:03 Cavalier
49:35 Paladin
50:58 Plate Barding Armor
50:46 Heavy Plow
Elyo61
1:22 Loom
12:46 Feudal Age
24:38 Castle Age
24:59 Castle Age
31:18 Horse Collar
31:27 Double-Bit Axe
31:38 Stone Mining
45:43 Wheelbarrow
46:57 Bow Saw
48:17 Stone Shaft Mining
48:51 Heavy Plow
50:14 Gold Mining
51:34 Hand Cart
Actiweed1
0:27 Loom
13:38 Feudal Age
15:16 Wheelbarrow
14:24 Horse Collar
14:34 Double-Bit Axe
16:53 Gold Mining
16:54 Stone Mining
21:03 Padded Archer Armor
20:53 Fletching
27:44 Castle Age
28:32 Pikeman
29:13 Squires
29:08 Elite Skirmisher
31:55 Arson
34:15 Heavy Plow
34:41 Bow Saw
35:13 Scale Mail Armor
36:05 Forging
37:22 Fortified Wall
38:57 Bodkin Arrow
39:51 Ballistics
42:59 Iron Casting
42:56 Leather Archer Armor
47:11 Hand Cart
47:37 Chain Mail Armor
52:06 Imperial Age
50:29 Stone Shaft Mining
50:49 Masonry
50:35 Murder Holes
xXD4RkXh0p3zZ
3:11 Loom
13:15 Feudal Age
14:40 Double-Bit Axe
16:59 Castle Age
15:05 Double-Bit Axe
15:15 Horse Collar
18:15 Wheelbarrow
17:51 Bow Saw
18:01 Heavy Plow
18:40 Gold Mining
26:08 Stone Mining
28:03 Gold Shaft Mining
29:10 Fervor
28:53 Elite Skirmisher
29:25 Fletching
34:15 Hand Cart
34:51 Padded Archer Armor
35:34 Bodkin Arrow
35:39 Town Watch
37:00 Leather Archer Armor
36:47 Husbandry
36:57 Bloodlines
37:06 Town Patrol
37:14 Thumb Ring
37:23 Herbal Medicine
38:45 Scale Barding Armor
38:43 Treadmill Crane
39:24 Ballistics
39:15 Masonry
39:01 Murder Holes
41:45 Imperial Age
40:26 Chain Barding Armor
39:27 Light Cavalry
43:27 Two-Man Saw
42:57 Crop Rotation
43:10 Ring Archer Armor
42:41 Bracer
43:07 Parthian Tactics
43:44 Plate Barding Armor
43:56 Theocracy
43:46 Illumination
43:37 Block Printing
43:23 Devotion
43:43 Sanctity
43:45 Heresy
43:26 Scale Mail Armor
42:47 Pikeman
42:47 Man-at-Arms
43:13 Arson
42:49 Imperial Skirmisher
42:52 Crossbowman
43:45 Sappers
44:54 Hoardings
44:41 Conscription
43:44 Halberdier
43:47 Cavalier
43:57 Elite Magyar Huszar
44:26 Long Swordsman
45:32 Corvinian Army
45:33 Recurve Bow
44:56 Arbalester
46:04 Paladin
47:00 Chain Mail Armor
46:07 Two-Handed Swordsman
46:44 Onager
46:45 Heavy Scorpion
46:46 Capped Ram
47:45 Siege Engineers
47:51 Careening
47:33 Guard Tower
47:34 Heated Shot
48:06 Shipwright
47:56 Clinker Construction
48:48 Chemistry
47:47 Champion
48:07 Heavy Cavalry Archer
48:25 Hussar
50:28 Dry Dock
BASTOSFOUFOU94
0:28 Loom
12:48 Feudal Age
24:55 Castle Age
33:00 Scale Barding Armor
32:56 Padded Archer Armor
32:56 Scale Mail Armor
37:40 Wheelbarrow
38:47 Caravan
40:28 Forging
40:34 Chain Mail Armor
42:30 Chain Barding Armor
42:26 Leather Archer Armor
42:01 Fletching
42:41 Hand Cart
42:11 Town Watch
44:09 Town Patrol
47:37 Ballistics
48:59 Double-Bit Axe
50:42 Steppe Husbandry
Connection lost

Rejoining the realm…

Still unreachable

The connection could not be restored.

Session expired

The server has moved on; the page needs a fresh start.